Map: Blueshift LE

Players

Tofuga

  • Race: Terran Terran
  • League: Silver
  • Spawn Location: 1:00

A.I. 1 (Very Easy) - Winner!

  • Race: Protoss Protoss
  • Spawn Location: 7:00

VOD

Have the link to the VOD?

Description

For very beginners - only minerals, Marines, Missile Turrets

Time

  • Played on: Sept. 17, 2018, 3:50 a.m.
  • Length: 4:22
Show
View Real Time Build Order
Export as new Build Order

Tofuga Terran 

Build Orders:  

Get SALT Encoding   

  12  0:01  SCV  
  13  0:13  SCV  
  14  0:17  Supply Depot  
  14  0:25  SCV  
  15  0:39  SCV  
  15  0:41  Barracks  
  16  0:51  SCV  
  17  1:03  SCV  
  18  1:06  Supply Depot  
  18  1:15  SCV  
  19  1:27  SCV  
  19  1:28  Marine  
  21  1:35  Command Center  
  21  1:40  SCV  
  21  1:46  Marine  
  23  1:52  Orbital Command  
  23  2:04  Marine  
  23  2:07  Barracks  
  24  2:14  Barracks  
  24  2:18  SCV  
  24  2:22  Marine  
  26  2:31  SCV, Barracks  
  27  2:40  Marine  
  27  2:43  SCV  
  29  2:55  SCV  
  29  2:56  Marine  
  29  2:57  Marine  
  32  3:03  Marine, Engineering Bay  
  33  3:06  Orbital Command  
  33  3:07  SCV  
  34  3:14  Marine  
  34  3:19  SCV  
  36  3:24  Marine x3  
  36  3:26  Supply Depot  
  39  3:31  SCV  
  39  3:33  SCV  
  41  3:36  Marine  
  42  3:43  Barracks  
  42  3:44  Marine, SCV  
  42  3:46  Marine, Barracks  
  45  3:49  Marine  
  45  3:55  Supply Depot  
  46  3:56  Marine, SCV  
  46  3:57  SCV  
  49  4:08  SCV  
  55  4:17  Supply Depot  
Show
View Real Time Build Order
Export as new Build Order

A.I. 1 (Very Easy) Protoss - Winner!

Build Orders:  

Get SALT Encoding   

  12  0:00  Probe  
  13  0:13  Probe  
  14  0:19  Pylon  
  14  0:36  Assimilator  
  14  0:43  Gateway  
  14  0:47  Pylon  
  14  1:13  Assimilator  
  14  1:23  Probe  
  14  1:24  Zealot  
  14  1:31  Probe  
  15  1:34  Cybernetics Core  
  18  1:41  Probe  
  19  1:53  Probe  
  20  2:01  Probe, Warp Gate  
  21  2:09  Probe  
  22  2:40  Stalker  
Tags
 
League
Silver
Matchup
PvT
Spawn Locations
Cross Positions
Add a new tag
Caveats
  • Supply blocks, unpowered buildings, or Contaminate may cause inaccurate times.
  • Supply counts are checked every 10 seconds.